 Dungeon Crawl Stone Soup version 0.21-a0-528-gf531e82 (webtiles) character file.

4967 slep the Cleaver (level 10, 0/53 HPs)
             Began as a Vine Stalker Gladiator on Dec 9, 2017.
             Was a Priest of Okawaru.
             Succumbed to a soldier ant's poison
             ... on level 8 of the Dungeon.
             The game lasted 00:34:31 (5673 turns).

slep the Cleaver (Vine Stalker Gladiator)           Turns: 5673, Time: 00:34:31

Health: 0/53       AC: 16    Str: 20 (21) XL:     10   Next: 53%
Magic:  2/11       EV: 14    Int:  9 (10) God:    Okawaru [***...]
Gold:   513        SH:  0    Dex: 16 (17) Spells: 9/9 levels left

rFire    . . .     SeeInvis .   a - +0 war axe
rCold    + . .     Gourm    .   (no shield)
rNeg     . . .     Faith    .   J - +4 scale mail {rC+}
rPois    .         Spirit   +   y - +1 hat
rElec    .         Reflect  .   (no cloak)
rCorr    +         Harm     .   q - +0 pair of gloves
MR       +....                  o - +0 pair of boots
Stlth    +.........             w - amulet of inaccuracy (curse)
HPRegen  0.57/turn              g - ring of flight
MPRegen  0.12/turn              s - ring of resist corrosion

@: lethally poisoned (0 -> -6)
A: antennae 1, fangs 3, slimy green scales 1, agile 1, clever 1, regeneration 1,
magic shield, antimagic bite, no potion heal 3, rot immunity, sturdy frame 1
a: Heroism, Renounce Religion, Evoke Flight


You were on level 8 of the Dungeon.
You worshipped Okawaru.
Okawaru was most pleased with you.
You were not hungry.

You visited 1 branch of the dungeon, and saw 8 of its levels.

You collected 513 gold pieces.

Inventory:

Hand Weapons
 a - a +0 war axe (weapon)
 h - a +1 spear of freezing
Missiles
 u - 6 silver tomahawks (quivered)
Armour
 b - a +0 leather armour
 c - a +0 helmet
 o - a +0 pair of boots (worn)
 q - a +0 pair of gloves (worn)
 x - a +3 leather armour
 y - a +1 hat (worn)
 D - a +1 helmet
 J - a +4 scale mail of cold resistance (worn)
Jewellery
 g - a ring of flight (left hand)
 s - a ring of resist corrosion (right hand)
 w - a cursed amulet of inaccuracy (around neck)
 L - a cursed ring of teleportation {unknown}
Wands
 m - a wand of flame (53)
 z - a wand of enslavement (11)
Scrolls
 e - 5 scrolls of teleportation {unknown}
 i - 9 scrolls of identify {unknown}
 j - 3 scrolls of fog {unknown}
 l - 6 scrolls of remove curse {unknown}
 n - a scroll of magic mapping {unknown}
 r - 3 scrolls of enchant weapon {unknown}
 v - 3 scrolls of immolation {unknown}
 B - 2 scrolls of noise {unknown}
 E - a scroll of fear {unknown}
 F - a scroll of enchant armour {unknown}
 H - a scroll of random uselessness {unknown}
Potions
 k - a potion of flight
 A - a potion of mutation
 C - 2 potions of brilliance
 G - 2 potions of degeneration
 I - a potion of lignification {unknown}
 K - 2 potions of heal wounds {unknown}
Comestibles
 f - 8 bread rations
 p - 3 meat rations
 t - 6 royal jellies


   Skills:
 + Level 6.1 Fighting
 + Level 10.1 Axes
 + Level 2.2 Throwing
 + Level 4.3 Armour
 + Level 5.7 Dodging
 + Level 3.1 Stealth


You had 9 spell levels left.
You didn't know any spells.

Dungeon Overview and Level Annotations

Branches:
Dungeon (8/15)             Temple (0/1) D:7
   Lair: D:8-11

Altars:
Ashenzari
Cheibriados
Elyvilon
Gozag
Makhleb
Nemelex Xobeh
Okawaru
Qazlal
Vehumet
Xom
Yredelemnul


Innate Abilities, Weirdness & Mutations

You have razor-sharp teeth.
Your natural rate of healing is unusually fast.
When hurt, damage is shared between your health and your magic reserves.
Your bite disrupts and absorbs the magic of your enemies.
Potions cannot restore your health.
You are immune to rotting.
You have a pair of small antennae on your head.
You are partially covered in slimy green scales. (AC +2)
You are agile. (Dex +2)
Your mind is acute. (Int +2)
Your movements are slightly less encumbered by armour. (ER -2)


Message History

* * * LOW HITPOINT WARNING * * *
You are lethally poisoned!
The soldier ant poisons you! The soldier ant misses you.
* * * LOW HITPOINT WARNING * * *
You feel sick.
Okay, then.
You closely miss the soldier ant.
The soldier ant is almost dead.
* * * LOW HITPOINT WARNING * * *
You feel sick.
The soldier ant stings you but does no damage.
You hit the soldier ant but do no damage.
Your bite misses the soldier ant.
The soldier ant is almost dead.
* * * LOW HITPOINT WARNING * * *
You feel sick.
It was a potion of degeneration.
There was something very wrong with that liquid.
You feel weakened.
You feel dopey.
You feel clumsy.
You die...

#......# #.#
#......# #.#
#......# #.#
#......###+###
#.............
######........
##........
##.........
#.a@.......
###.##.....
#.#a# .....
#.#.# ....
#.#.## #### ##
#.# ##


You could see 2 soldier ants.

Vanquished Creatures
  A two-headed ogre (D:7)
  Pikel (D:7)
  2 hornets (D:8)
  A hippogriff (D:8)
  A vampire (D:7)
  Eustachio (D:5)
  Menkaure (D:4)
  An ice beast (D:7)
  An orc warrior (D:7)
  A slave (D:7)
  A sky beast (D:8)
  A black bear (D:7)
  2 phantoms
  4 ogres
  2 centaurs
  Blork the orc (D:4)
  6 bullfrogs
  3 scorpions
  4 wights (D:5)
  4 crimson imps
  A bullfrog zombie (D:6)
  3 orc priests
  4 hounds
  A jelly (D:6)
  A bullfrog skeleton (D:4)
  2 iguanas
  3 worker ants
  4 orc wizards
  A hound skeleton (D:7)
  A worker ant zombie (D:8)
  A howler monkey skeleton (D:4)
  15 gnolls
  9 adders
  2 shadow imps
  An adder zombie (D:6)
  3 worms
  A dart slug (D:4)
  A leopard gecko (D:1)
  23 orcs
  7 bats
  A giant cockroach (D:1)
  2 goblins (D:1)
  5 hobgoblins
  6 jackals
  8 kobolds
  3 quokkas
  A ball python (D:1)
  2 jackal skeletons
  A leopard gecko skeleton (D:4)
  A quokka skeleton (D:8)
  8 rats
  A fungus (D:2)
162 creatures vanquished.

Vanquished Creatures (others)
  Edmund (D:7)
  A slave (D:7)
2 creatures vanquished.

Grand Total: 164 creatures vanquished

Notes
Turn   | Place    | Note
-------+----------+-------------------------------------------
     0 | D:1      | slep the Vine Stalker Gladiator began the quest for the Orb.
     0 | D:1      | Reached XP level 1. HP: 11/11 MP: 2/2
   150 | D:1      | Reached XP level 2. HP: 15/15 MP: 3/3
   266 | D:1      | Reached skill level 3 in Axes
   518 | D:1      | Reached XP level 3. HP: 15/18 MP: 4/4
   748 | D:2      | Found a basalt altar of Yredelemnul.
   791 | D:2      | Gained mutation: Your natural rate of healing is unusually fast. [Vine Stalker growth]
   791 | D:2      | Reached XP level 4. HP: 19/23 MP: 5/5
   842 | D:2      | Found a shattered altar of Ashenzari.
   845 | D:2      | Found a radiant altar of Vehumet.
  1373 | D:3      | Reached skill level 4 in Axes
  1375 | D:3      | Reached XP level 5. HP: 9/26 MP: 3/6
  1421 | D:3      | Found a stormy altar of Qazlal.
  1523 | D:3      | Reached skill level 1 in Armour
  1528 | D:3      | Reached skill level 1 in Stealth
  1545 | D:3      | Found a white marble altar of Elyvilon.
  1754 | D:3      | Reached XP level 6. HP: 32/32 MP: 7/7
  1836 | D:3      | Reached skill level 5 in Axes
  2044 | D:4      | Reached XP level 7. HP: 28/35 MP: 8/8
  2182 | D:4      | Found a burning altar of Makhleb.
  2216 | D:4      | Reached skill level 6 in Axes
  2229 | D:4      | Noticed Blork the orc
  2242 | D:4      | Killed Blork the orc
  2247 | D:4      | Gained mutation: You have razor-sharp teeth. [Vine Stalker growth]
  2247 | D:4      | Reached XP level 8. HP: 5/40 MP: 2/9
  2306 | D:4      | Noticed Menkaure
  2309 | D:4      | Gained mutation: Your mind is acute. (Int +2) [potion of mutation]
  2309 | D:4      | Gained mutation: You are agile. (Dex +2) [potion of mutation]
  2309 | D:4      | Gained mutation: You have a pair of small antennae on your head. [potion of mutation]
  2314 | D:4      | Killed Menkaure
  2470 | D:4      | Found a snail-covered altar of Cheibriados.
  2575 | D:5      | Entered Level 5 of the Dungeon
  2748 | D:5      | Reached skill level 7 in Axes
  3142 | D:5      | Noticed Eustachio
  3165 | D:5      | Killed Eustachio
  3410 | D:6      | Found an iron altar of Okawaru.
  3418 | D:6      | Became a worshipper of Warmaster Okawaru
  3482 | D:6      | Reached XP level 9. HP: 44/45 MP: 10/10
  3509 | D:6      | Reached skill level 8 in Axes
  3692 | D:6      | Found an opulent altar of Gozag.
  3693 | D:6      | Found a sparkling altar of Nemelex Xobeh.
  3990 | D:7      | Found a staircase to the Ecumenical Temple.
  4031 | D:7      | Found a stormy altar of Qazlal.
  4031 | D:7      | Found a shimmering altar of Xom.
  4450 | D:7      | Noticed Pikel
  4458 | D:7      | Reached * piety under Okawaru
  4459 | D:7      | Noticed Edmund
  4467 | D:7      | Killed Pikel
  4467 | D:7      | Reached skill level 5 in Fighting
  4467 | D:7      | Reached skill level 9 in Axes
  4467 | D:7      | Reached skill level 5 in Dodging
  4478 | D:7      | Killed Edmund
  4629 | D:7      | Reached ** piety under Okawaru
  4915 | D:8      | Reached XP level 10. HP: 43/53 MP: 11/11
  4921 | D:8      | Gained mutation: Your movements are slightly less encumbered by armour. (ER -2) [mutagenic meat]
  4924 | D:8      | Gained mutation: You are partially covered in slimy green scales. (AC +2) [mutagenic meat]
  4967 | D:8      | Noticed a two-headed ogre
  4990 | D:8      | HP: 2/53 [two-headed ogre/giant spiked club (16)]
  5148 | D:7      | Killed a two-headed ogre
  5148 | D:7      | Reached *** piety under Okawaru
  5487 | D:8      | Reached skill level 10 in Axes
  5652 | D:8      | Paralysed by a hornet for 1 turns
  5670 | D:8      | HP: 2/53 [poisoned by a soldier ant]
  5673 | D:8      | Succumbed to a soldier ant's poison

Vault maps used:
D:1:      lightli_arrival_quake, serial_bayou, serial_bayou_pond_a,
          serial_bayou_pond_e, serial_bayou_ford_a, serial_bayou_lagoon_a
D:2:      grunt_temple_overflow_open, minmay_gold_behind_fungi
D:3:      nicolae_overflow_hidden_temple, grunt_ministairs_3,
          grunt_qazlal_sundering
D:4:      kennysheep_slug_shrine, lightli_temple_of_fire, first_bread,
          uniq_menkaure, uniq_blork_the_orc
D:5:      uniq_eustachio
D:6:      grunt_temple_overflow_opulence, lemuel_crystal_altar, minmay_holes,
          minmay_tree_intersection, uniq_edmund
D:7:      gammafunk_temple_overflow_elements, minmay_temple_entry_hall,
          uniq_pikel
D:8:      hangedman_pestilent_swarm

Skill      XL: |  1  2  3  4  5  6  7  8  9 10 |
---------------+-------------------------------+-----
Axes           | 3 4 5 6 7 9 10 | 10.1
Fighting       | 2 3 4 5 6 |  6.1
Dodging        | 3 4 5 |  5.7
Armour         | 1 2 3 4 |  4.3
Stealth        | 1 2 3 |  3.1
Throwing       | 2 |  2.2

Action                   |  1- 3 |  4- 6 |  7- 9 | 10-12 || total
-------------------------+-------+-------+-------+-------++-------
Melee: War axe           |    72 |   120 |   342 |   120 ||   654
       Bite              |    22 |    30 |   122 |    49 ||   223
Throw: Throwing net      |       |     2 |       |     3 ||     5
       Tomahawk          |       |       |     3 |     2 ||     5
  Use: Potion            |     1 |     1 |     5 |     1 ||     8
 Stab: Sleeping          |     1 |     2 |     1 |       ||     4
  Eat: Chunk             |       |     4 |     9 |     7 ||    20
Armor: Leather armour    |    26 |    30 |   112 |       ||   168
       Scale mail        |       |       |    16 |    77 ||    93
Dodge: Dodged            |    55 |    85 |   252 |    96 ||   488

Table legend:
 A = Spawn XP
 B = Non-spawn XP
 C = Spawn XP percentage of total XP
 D = Spawn monster count
 E = Non-spawn monster count
 F = Spawn count percentage of total count
 G = Total turns spent on level
                    A         B        C        D         E        F      G
               +---------+---------+-------+---------+---------+-------+---------
         Total |       0 |    7097 |   0.0 |       0 |     161 |   0.0 |  5673
               +---------+---------+-------+---------+---------+-------+---------
           D:1 |       0 |      38 |   0.0 |       0 |      21 |   0.0 |   715
           D:2 |       0 |      75 |   0.0 |       0 |      12 |   0.0 |   621
           D:3 |       0 |     354 |   0.0 |       0 |      38 |   0.0 |   713
           D:4 |       0 |    1103 |   0.0 |       0 |      20 |   0.0 |   526
           D:5 |       0 |     606 |   0.0 |       0 |      16 |   0.0 |   793
           D:6 |       0 |     477 |   0.0 |       0 |      10 |   0.0 |   753
           D:7 |       0 |    2972 |   0.0 |       0 |      29 |   0.0 |   948
           D:8 |       0 |    1472 |   0.0 |       0 |      15 |   0.0 |   604
               +---------+---------+-------+---------+---------+-------+---------
